 Dungeon Crawl Stone Soup version 0.31-a0-1161-g593ecc88b7 (webtiles) character file.

Game seed: 8753452376636350000

194 kae the Sneak (level 5, -2/38 HPs)
             Began as a Demonspawn Enchanter on Dec 8, 2023.
             Killed from afar by Blork the orc (12 damage)
             ... with a puff of flame
             ... on level 4 of the Dungeon.
             The game lasted 00:03:10 (3342 turns).

kae the Sneak (Demonspawn Enchanter)                Turns: 3342, Time: 00:03:10

Health: -2/38      AC:  4    Str:  9    XL:     5   Next: 44%
Magic:  4/8        EV: 12    Int: 21    God:
Gold:   153        SH:  0    Dex: 15    Spells: 4/9 levels left

rFire   . . .        a - +1 dagger
rCold   . . .        (no shield)
rNeg    . . .        b - +0 robe
rPois   .            (no helmet)
rElec   .            (no cloak)
rCorr   .            (no gloves)
SInv    .            (no boots)
Will    .....        (no amulet)
Stlth   ++           I - +6 ring of intelligence
HPRegen 0.26/turn    (no ring)
MPRegen 0.11/turn

%: no passive effects
@: confusing by touch, studying Stealth
A: rugged brown scales 2, powered by pain 1
a: no special abilities


You were on level 4 of the Dungeon.
You visited 1 branch of the dungeon, and saw 4 of its levels.

You collected 153 gold pieces.


Innate Abilities, Weirdness & Mutations

You are mostly covered in rugged brown scales. (AC +2, +5% HP)
You sometimes gain a little power by taking damage.


   Skills:
 + Level 1.5 Fighting
 * Level 2.5 Short Blades
 - Level 1.7 Dodging
 * Level 3.6 Stealth
 + Level 2.5 Spellcasting
 + Level 3.4 Hexes
 * Level 1.8 Ice Magic


You had 4 spell levels left.
You knew the following spells:

 Your Spells              Type           Power      Damage    Failure   Level
a - Ensorcelled Hibernat  Hex/Ice        26%        N/A       7%          2
b - Confusing Touch       Hex            16%        N/A       11%         3

Your spell library contained the following spells:

 Spells                   Type           Power      Damage    Failure   Level
 Tukima's Dance           Hex            16%        N/A       11%         3
 Dazzling Flash           Conj/Hex       18%        N/A       21%         3

Inventory:

Hand Weapons
 a - a +1 dagger (weapon)
Missiles
 e - 17 stones
Armour
 b - a +0 robe (worn)
Jewellery
 I - a +6 ring of intelligence (left hand)
   (You took it off a goblin on level 1 of the Dungeon)
 L - a ring of flight
   (You found it on level 2 of the Dungeon)
 R - a ring of resist corrosion
   (You found it on level 3 of the Dungeon)
Scrolls
 f - a scroll of immolation {!r!r}
 j - a scroll of teleportation {@r4}
 k - a scroll of identify {@r1}
Potions
 c - 2 potions of invisibility
 d - a potion of cancellation
 i - a potion of attraction {unknown}
 m - a potion of heal wounds {unknown}

Dungeon Overview and Level Annotations

Branches:
Dungeon (4/15) Zot: 20661
 Temple: D:4-7

Altars:
Vehumet

Annotations:
D:4 Blork the orc

...[ ....#
.....#
......######
#..........#
...$.......#
#..........##
#.....o@....#
##....$.....#
#...#.....###
#.. ###.### #
#.. ... #+###


You could see Blork the orc (fast).


Message History

Confirm with . or Enter, or press ? or * to list all spells.
Aiming: Ensorcelled Hibernation (safe; 8% risk of failure)
Press: ? - help, Shift-Dir - straight line, f - adder
Aim: an adder (moderately wounded, chance to affect: 55%)
The adder looks drowsy... 😎 HP[+1] MP[-2]
Your hp is fully restored (38).
You lost 2 mp, and now have 6/8 mp.
Casting: Ensorcelled Hibernation (safe; 8% risk of failure)
Confirm with . or Enter, or press ? or * to list all spells.
You can't see any susceptible monsters within range! (Use Z to cast anyway.)
The helpless adder fails to defend itself.
You impale the adder!!
You kill the adder!
No target in view!
As you read the scroll labelled BABYHAI KYABLA, it crumbles to dust.
The air around you briefly surges with heat, but it dissipates.
It was a scroll of immolation.
Unknown command.
As you read the scroll labelled CUAXIQ TAPP, it crumbles to dust.
Your body is wracked with pain!
You focus on the pain.
You feel your power returning.
It was a scroll of torment. 😮 HP[-18] MP[+2]
You take 18 damage, and now have 20/38 hp.
MASSIVE DAMAGE!! (PAUSE)
Your mp is fully restored (8).
Unknown command. 😮 HP[+1]
There is a stone staircase leading up here.
As you read the scroll labelled JOMEJ ODOGO, it crumbles to dust.
It is a scroll of amnesia.
Okay, then. 😮 HP[+1]
As you read the scroll labelled KEUBOPENATA, it crumbles to dust.
You hear a loud clanging noise!
It was a scroll of noise.
You hear an angry hiss. x2; You hear a shout!
Unknown command.
As you read the scroll labelled MAJILE LYEGU, it crumbles to dust.
You feel strangely unstable.
It was a scroll of teleportation.
As you read the scroll labelled ORHUXA KANWUA, it dissolves into smoke.
It was a scroll of fog. 😮 HP[+1] Unknown command.
You stop ascending the stairs.
Your surroundings suddenly seem different.
An adder comes into view.
You are too injured to fight recklessly!
You are too injured to fight recklessly!
Unknown command. 😮 HP[+1]
The helpless adder fails to defend itself.
You impale the adder!!
You kill the adder!
Blork the orc comes into view.
He is wielding a +0 hand axe.
Blork the orc shouts!
You see here a manual of Stealth {!d}.
You pick up a manual of Stealth {!d} and begin studying. 😮 HP[+1]
You aren't carrying any items that you can evoke.
Unknown command.
Casting: Ensorcelled Hibernation (safe; 7% risk of failure)
Confirm with . or Enter, or press ? or * to list all spells.
Your hands begin to glow red. 😮 MP[-3]
You lost 3 mp, and now have 5/8 mp.
Casting: Confusing Touch (dangerous; 11% risk of failure)
Confirm with . or Enter, or press ? or * to list all spells.
Aiming: Ensorcelled Hibernation (safe; 7% risk of failure)
Press: ? - help, Shift-Dir - straight line, f - Blork the orc
Aim: Blork the orc, wielding a +0 hand axe and wearing a +0 robe (chance to confuse on hit: 50%, chance to affect: 47%) Blork the orc resists with some effort.
Blork the orc gestures wildly while chanting.
Blork the orc seems to speed up. 😮 MP[-2]
You lost 2 mp, and now have 3/8 mp.
You barely miss Blork the orc.
Blork the orc screams, "Die!"
Blork the orc hits you with a +0 hand axe. 😮 HP[-5]
You take 5 damage, and now have 20/38 hp.
You barely miss Blork the orc.
Blork the orc hits you with a +0 hand axe!
* * * LOW HITPOINT WARNING * * *
😨 HP[-9]
You take 9 damage, and now have 11/38 hp.
MASSIVE DAMAGE!! (PAUSE)
You closely miss Blork the orc. Blork the orc casts a spell at you.
The magic dart hits you!
* * * LOW HITPOINT WARNING * * *
Blork the orc closely misses you. 😱 HP[-8]
You take 8 damage, and now have 3/38 hp.
MASSIVE DAMAGE!! (PAUSE)
You feel better.
Blork the orc gestures at you while chanting.
The puff of flame hits you!
You die...

Skill      XL: |  1  2  3 |
---------------+----------+-----
Short Blades   | 1 2 |  2.5
Stealth        | 3 |  3.6
Fighting       | 1 |  1.5
Ice Magic      | 1 |  1.8
Dodging        | |  1.7
Spellcasting   | |  2.5
Hexes          | |  3.4

Action                     |  1- 3 |  4- 6 || total
---------------------------+-------+-------++-------
  Melee: Dagger            |   148 |    64 ||   212
         Punch             |     1 |       ||     1
   Cast: Ensorcelled Hiber |    11 |    17 ||    28
         Confusing Touch   |     1 |     1 ||     2
    Use: Scroll            |     3 |     6 ||     9
         Potion            |       |     1 ||     1
   Stab: Sleeping          |    17 |     8 ||    25
         Distracted        |     1 |       ||     1
 Armour: Robe              |    74 |    48 ||   122
  Dodge: Dodged            |    86 |    51 ||   137

Levels and vault maps discovered:
D:1:      wander_arrival_desolate, layout_loops_cross,
          dreamdust_ecumenical_altar_grove
D:2:      layout_basic, minmay_crystal_water, fountainhead
D:3:      layout_basic, mainiacjoe_overflow_paths, serial_rivers,
          chequers_serial_rivers_micro_b, chequers_serial_rivers_micro_c,
          chequers_serial_rivers_small_3, chequers_serial_rivers_small_3,
          due_unseen_surprise, uniq_terence, uniq_natasha
D:4:      layout_cave_pools, mainiacjoe_overflow_24_doors,
          nzn_wu_jian_contemplation, kennysheep_orc_chapel, uniq_blork_the_orc

Notes
Turn   | Place    | Note
-------+----------+-------------------------------------------
     0 | D:1      | kae the Demonspawn Enchanter began the quest for the Orb.
     0 | D:1      | Reached XP level 1. HP: 13/13 MP: 3/3
     0 | D:1      | magus.rc [v1.11.3]
    15 | D:1      | Found a faded altar of an unknown god.
    39 | D:1      | Reached skill level 1 in Short Blades
   196 | D:1      | Gained mutation: You are partially covered in rugged brown
                  | scales. (AC +1, +3% HP) [demonic ancestry]
   196 | D:1      | Reached XP level 2. HP: 7/20 MP: 5/5
   200 | D:1      | HP: 4/20 [giant cockroach (2)]
   256 | D:1      | Learned a level 2 spell: Ensorcelled Hibernation
   442 | D:1      | Reached skill level 3 in Stealth
   772 | D:2      | Gained mutation: You are mostly covered in rugged brown
                  | scales. (AC +2, +5% HP) [demonic ancestry]
   772 | D:2      | Reached XP level 3. HP: 20/26 MP: 6/6
  1459 | D:2      | Reached skill level 1 in Fighting
  1822 | D:3      | Noticed Terence
  1883 | D:3      | Learned a level 3 spell: Confusing Touch
  2011 | D:3      | Reached skill level 1 in Ice Magic
  2025 | D:3      | Killed Terence
  2026 | D:3      | Reached skill level 2 in Short Blades
  2026 | D:3      | Reached XP level 4. HP: 20/33 MP: 1/7
  2333 | D:3      | Found a radiant altar of Vehumet.
  2414 | D:3      | Noticed Natasha
  2447 | D:3      | Killed Natasha
  2659 | D:3      | Noticed Natasha
  2670 | D:3      | Killed Natasha
  2671 | D:3      | Gained mutation: You sometimes gain a little power by
                  | taking damage. [demonic ancestry]
  2671 | D:3      | Reached XP level 5. HP: 15/38 MP: 1/8
  2935 | D:3      | Noticed Natasha
  2941 | D:3      | Killed Natasha
  3334 | D:4      | Noticed Blork the orc
  3341 | D:4      | HP: 3/38 [Blork the orc/magic dart (8)]
  3342 | D:4      | Killed from afar by Blork the orc

Vanquished Creatures
  Terence (D:3)
  Natasha (thrice) (D:3)
  4 adders
  2 worms (D:2)
  2 dart slugs (D:2)
  5 endoplasms
  3 giant cockroaches
  3 goblins
  4 hobgoblins
  5 jackals (D:1)
  2 quokkas
  3 ball pythons
  6 bats
  3 frilled lizards
  5 kobolds
  A rat (D:3)
52 creatures vanquished.

Vanquished Creatures (collateral kills)
  An endoplasm (D:2)
1 creature vanquished.

Grand Total: 53 creatures vanquished

Table legend:
 A = Non-vault XP
 B = Vault XP
 C = Vault XP percentage of total XP
 D = Non-vault monster count
 E = Vault monster count
 F = Vault count percentage of total count
                 A         B        C        D         E       F
            +---------+---------+-------+---------+---------+-------
      Total |     207 |      71 |  25.5 |      51 |       2 |   3.8
            +---------+---------+-------+---------+---------+-------
        D:1 |      39 |       0 |   0.0 |      22 |       0 |   0.0
        D:2 |      41 |       0 |   0.0 |      11 |       0 |   0.0
        D:3 |     101 |      71 |  41.3 |      16 |       2 |  11.1
        D:4 |      26 |       0 |   0.0 |       2 |       0 |   0.0
            +---------+---------+-------+---------+---------+-------

Skill      XL: |  1  2  3 |
---------------+----------+-----
Short Blades   | 1 2 |  2.5
Stealth        | 3 |  3.6
Fighting       | 1 |  1.5
Ice Magic      | 1 |  1.8
Dodging        | |  1.7
Spellcasting   | |  2.5
Hexes          | |  3.4

Action                     |  1- 3 |  4- 6 || total
---------------------------+-------+-------++-------
  Melee: Dagger            |   148 |    64 ||   212
         Punch             |     1 |       ||     1
   Cast: Ensorcelled Hiber |    11 |    17 ||    28
         Confusing Touch   |     1 |     1 ||     2
    Use: Scroll            |     3 |     6 ||     9
         Potion            |       |     1 ||     1
   Stab: Sleeping          |    17 |     8 ||    25
         Distracted        |     1 |       ||     1
 Armour: Robe              |    74 |    48 ||   122
  Dodge: Dodged            |    86 |    51 ||   137

Illustrated notes

Table legend:
 A = Kills in this place as a percentage of kills in the entire game.
 B = Kills by you in this place as a percentage of kills by you in the entire game.
 C = Kills by friends in this place as a percentage of kills by friends in the entire game.
 D = Other kills in this place as a percentage of other kills in the entire game.
 E = Experience gained in this place as a percentage of experience gained in the entire game.
 F = Experience gained in this place divided by the number of levels of this place that you have seen.
                   A       B       C       D       E      F
               +-------+-------+-------+-------+-------+----------------------
         Total | 100.0 | 100.0 | 100.0 |   N/A | 100.0 |  69.5
       Dungeon | 100.0 | 100.0 | 100.0 |   N/A | 100.0 |  69.5
               +-------+-------+-------+-------+-------+----------------------

Table legend: (Time is in decaauts)
 A = Elapsed time spent in this place.
 B = Non-inter-level travel time spent in this place.
 C = Inter-level travel time spent in this place.
 D = Time resting spent in this place.
 E = Time spent auto-exploring this place.
 F = Levels seen in this place.
 G = Mean time per level.
                   A        B        C        D        E       F      G
               +--------+--------+--------+--------+--------+-----+--------+
         Total |   3337 |   3172 |    165 |    230 |   2410 |   4 |  834.2 |
       Dungeon |   3337 |   3172 |    165 |    230 |   2410 |   4 |  834.2 |
               +--------+--------+--------+--------+--------+-----+--------+

Top non-repeatable levels by time:
     D:3: 1442 daAuts
     D:2: 1034 daAuts
     D:1: 827 daAuts
     D:4: 33 daAuts
